 Dungeon Crawl Stone Soup version 0.17.0-26-gececa24 (console) character file.

21 gw the Digger (level 3, -4/25 HPs)
             Began as a Formicid Earth Elementalist on Nov 19, 2015.
             Killed from afar by Sigmund (7 damage)
             ... with a puff of flame
             ... on level 2 of the Dungeon.
             The game lasted 00:00:35 (1092 turns).

gw the Digger (Formicid Earth Elementalist)         Turns: 1092, Time: 00:00:35

Health: -4/25      AC:  4    Str: 12    XL:     3   Next: 2%
Magic:  1/7        EV: 12    Int: 15    God:
Gold:   71         SH:  0    Dex: 11    Spells: 3 memorised, 1 level left

rFire  . . .     SeeInvis +     b - +0 club
rCold  . . .     Clarity  .     a - +0 robe
rNeg   . . .     SustAt   .     (no shield)
rPois  .         Gourm    .     (helmet unavailable)
rElec  .         Spirit   .     (no cloak)
rCorr  .         Warding  .     (no gloves)
rMut   .         Stasis   +     (no boots)
MR     .....                    (no amulet)
Stlth  +.........               (no ring)
                                (no ring)

@: confused, stone skin, very slightly contaminated, not resistant to hostile
enchantments, very unstealthy
A: permanent stasis, dig shafts and tunnels, four strong arms, antennae 3
a: Dig, Shaft Self


You were on level 2 of the Dungeon.
You were hungry.

You visited 1 branch of the dungeon, and saw 2 of its levels.

You collected 71 gold pieces.

Inventory:

Hand Weapons
 b - a +0 club (weapon)
Missiles
 j - 61 stones (quivered)
 l - 6 poisoned needles
Armour
 a - a +0 robe (worn)
Scrolls
 h - 4 scrolls of identify
Books
 c - a book of Geomancy

   Spells                             Type                      Level
   a - Sandblast                      Earth                        1
   b - Stoneskin                      Transmutation/Earth          2
   c - Passwall                       Transmutation/Earth          3
   d - Stone Arrow                    Conjuration/Earth            3
   e - Petrify                        Transmutation/Earth          4
   f - Lee's Rapid Deconstruction     Earth                        5
Comestibles
 d - a bread ration
 g - a slice of pizza


   Skills:
 + Level 0.4 Fighting
 + Level 0.2 Maces & Flails
 + Level 1.2 Armour
 - Level 1.7 Dodging
 - Level 2.4 Stealth
 * Level 2.8 Spellcasting
 - Level 1.1 Transmutations
 + Level 3.7 Earth Magic


You had one spell level left.
You knew the following spells:

 Your Spells              Type           Power        Failure   Level  Hunger
a - Sandblast             Erth           ##....       6%          1    #......
b - Stoneskin             Trmt/Erth      #.......     12%         2    ##.....
c - Stone Arrow           Conj/Erth      #.....       30%         3    ###....


Dungeon Overview and Level Annotations

Branches:
Dungeon (2/15)

Altars:

Annotations:
D:2 Sigmund


Innate Abilities, Weirdness & Mutations

You are under a permanent stasis effect.
You can dig through walls and to a lower floor.
Your four strong arms can wield two-handed weapons with a shield.
You have a pair of large antennae on your head (SInv).


Message History

Sigmund hits you but does no damage.
ATTACK MOVE TO (1,0) Sigmund closely misses you.
ATTACK MOVE TO (1,1) ATTACK MOVE TO (1,1)
You bump into the tree.
Sigmund points at you and mumbles some strange words.
You resist with some effort.
ATTACK MOVE TO (1,1)
You bump into the tree.
Sigmund casts a spell at you.
You are more confused.
ATTACK MOVE TO (1,1) Sigmund gestures at you while chanting.
The magic dart hits you!
ATTACK MOVE TO (1,1)
You bump into the rock wall.
Sigmund points at you and mumbles some strange words.
The puff of flame hits you!
You die...

#### #.. #####.# #
#.....####.####
#.##..........##
###.##....##......
#......77.a..#
######.##....!.)@.#
#......###...P....#
#.###(.###...P..)..)..
##.............#....
#..#.###.......#..$. #
#.##.# #.......# ...
#.##.##.# #.......# ..
#.......# #.......#


You could see Sigmund (invisible).

Table legend:
 A = Turns spent in this place as a percentage of turns spent in the entire game.
 B = Non-inter-level travel turns spent in this place as a percentage of non-inter-level travel turns spent in the entire game.
 C = Inter-level travel turns spent in this place as a percentage of turns spent in this place.
 D = Turns resting spent in this place as a percentage of non-inter-level travel turns spent in this place.
 E = Turns spent auto-exploring this place as a percentage of non-inter-level travel turns spent in this place.
 F = Non-inter-level travel turns spent in this place divided by the number of levels of this place that you've seen.
                   A       B       C       D       E      F
               +-------+-------+-------+-------+-------+----------------------
         Total | 100.0 | 100.0 |   0.1 |   1.8 |   2.2 | 668.0
       Dungeon | 100.0 | 100.0 |   0.1 |   1.8 |   2.2 | 668.0
               +-------+-------+-------+-------+-------+----------------------

Table legend:
 A = Kills in this place as a percentage of kills in entire the game.
 B = Kills by you in this place as a percentage of kills by you in the entire game.
 C = Kills by friends in this place as a percentage of kills by friends in the entire game.
 D = Other kills in this place as a percentage of other kills in the entire game.
 E = Experience gained in this place as a percentage of experience gained in the entire game.
 F = Experience gained in this place divided by the number of levels of this place that you have seen.
                   A       B       C       D       E      F
               +-------+-------+-------+-------+-------+----------------------
         Total | 100.0 | 100.0 |  -nan |  -nan | 100.0 |  15.0
       Dungeon | 100.0 | 100.0 |  -nan |  -nan | 100.0 |  15.0
               +-------+-------+-------+-------+-------+----------------------

Vanquished Creatures
  2 oozes (D:1)
  4 bats (D:1)
  A goblin (D:1)
  2 hobgoblins (D:1)
  A giant newt (D:1)
  2 kobolds
12 creatures vanquished.

Notes
Turn   | Place    | Note
--------------------------------------------------------------
     0 | D:1      | gw the Formicid Earth Elementalist began the quest for the Orb.
     0 | D:1      | Reached XP level 1. HP: 13/13 MP: 3/3
   349 | D:1      | Reached XP level 2. HP: 20/20 MP: 3/5
   436 | D:1      | Learned a level 2 spell: Stoneskin
   926 | D:1      | Reached skill level 1 in Armour
   926 | D:1      | Reached XP level 3. HP: 25/25 MP: 4/7
   959 | D:1      | Learned a level 3 spell: Stone Arrow
  1069 | D:2      | Noticed Sigmund
  1092 | D:2      | Killed from afar by Sigmund

Action                   || total
-------------------------++-------
Melee: Club              ||     4
Throw: Stone             ||    44
 Cast: Sandblast         ||    17
       Stoneskin         ||     3
  Use: Scroll            ||     4
       Potion            ||     1

Vault maps used:
D:1:      dpeg_arrival_leaves_temple_mockup
D:2:      nicolae_ru_path_of_blood, first_bread, serial_park_tiny_2,
          minmay_misc_feat_enclosed, nemelex_spade_bored_becter, uniq_sigmund
